 Dungeon Crawl Stone Soup version 0.17-a0-2211-gbb7320e (webtiles) character file.

313484 Frontstab the Imperceptible (level 21, 0/149 HPs)
             Began as an Octopode Berserker on Oct 26, 2015.
             Was the Champion of Trog.
             Slain by a tentacled starspawn (35 damage)
             ... on level 1 of the Abyss on Oct 27, 2015.
             The game lasted 08:46:46 (60546 turns).

Frontstab the Imperceptible (Octopode Berserker)   Turns: 60546, Time: 08:46:47

Health: 0/149      AC:  8    Str: 32    XL:     21   Next: 33%
Magic:  19/21      EV: 31    Int: 11    God:    Trog [******]
Gold:   3335       SH:  0    Dex: 15    Spells: 0 memorised, 20 levels left

rFire  . . .     SeeInvis +     E - +9 executioner's axe (venom)
rCold  . . .     Clarity  .     (no shield)
rNeg   + . .     SustAt   .     (helmet restricted)
rPois  .         Gourm    +     y - amulet of the gourmand
rElec  .         Spirit   .     m - +4 ring of strength
rCorr  .         Warding  .     x - +4 ring of strength
rMut   .         Stasis   .     n - +3 ring of evasion
MR     +....                    z - +3 ring of evasion
Stlth  ++++++++++               M - +3 ring of protection
                                T - ring of Xuoschor {rN+ Dex+4 Slay+2}
                                p - ring of see invisible
                                O - +4 ring of slaying

@: lethally poisoned (0 -> -42), exhausted, about to teleport, slowed, very
slow, somewhat resistant to hostile enchantments, uncannily stealthy
A: almost no armour, amphibious, 8 rings, constrict 8, tentacle spike 1, rough
black scales 1, camouflage 1, breathe flames 2, mutation resistance 1, wild
magic 1, gelatinous body 1, no device heal 1, MP-powered wands
a: Berserk, Trog's Hand, Brothers in Arms, Burn Spellbooks, Renounce Religion,
Breathe Fire
}: 2/15 runes: barnacled, gossamer


You were on level 1 of the Abyss.
You worshipped Trog.
Trog was exalted by your worship.
You were full.

You visited 8 branches of the dungeon, and saw 40 of its levels.
You visited the Abyss 3 times.
You also visited: Ice Cave, Volcano and Wizlab.

You collected 4637 gold pieces.
You spent 1151 gold pieces at shops.

Inventory:

Hand Weapons
 h - a +0 blowgun
 l - a +4 hand axe of flaming
 E - a +9 executioner's axe of venom (weapon)
 L - the +4 battleaxe of the Forsaken Tales {freeze, Dex+3}
   (Trog gifted it to you on level 1 of the Abyss)

   It has been specially enchanted to freeze those struck by it, causing extra
   injury to most foes and up to half again as much damage against particularly
   susceptible opponents.
   It can also slow down cold-blooded creatures.
   It affects your dexterity (+3).
Missiles
 i - 5 javelins of returning
 j - 20 javelins (quivered)
 A - a curare-tipped needle
 D - 7 throwing nets
 K - 4 steel javelins
Jewellery
 m - a +4 ring of strength (left tentacle)
 n - a +3 ring of evasion (on tentacle)
 p - a ring of see invisible (on tentacle)
 x - a +4 ring of strength (right tentacle)
 y - an amulet of the gourmand (around mantle)
 z - a +3 ring of evasion (on tentacle)
 C - an uncursed ring of poison resistance {unknown}
 M - a +3 ring of protection (on tentacle)
 O - a +4 ring of slaying (on tentacle)
 T - the ring of Xuoschor (on tentacle) {rN+ Dex+4 Slay+2}
   (You found it on level 6 of the Lair of Beasts)

   [ring of positive energy]

   It affects your dexterity (+4).
   It affects your accuracy and damage with ranged weapons and melee attacks
   (+2).
   It protects you from negative energy.
Wands
 a - a wand of cold (2)
 e - a wand of digging (11)
 g - a wand of invisibility (2)
 k - a wand of teleportation (0)
 G - a wand of draining (3)
 J - a wand of slowing (5)
 Y - a wand of cold (3)
Scrolls
 c - a scroll of holy word {unknown}
 q - a scroll of recharging
 u - a scroll of remove curse
 w - 2 scrolls of fear
 B - 3 scrolls of magic mapping
 F - a scroll of fog {unknown}
 H - 2 scrolls of identify
 N - 7 scrolls of summoning
Potions
 d - 4 potions of agility
 o - 2 potions of curing
 r - 3 potions of haste
 s - a potion of heal wounds
Books
 I - a book of Alchemy

   Spells                             Type                      Level
   a - Sublimation of Blood           Necromancy                   2
   b - Ignite Poison                  Fire/Transmutation/Poison    3
   c - Alistair's Intoxication        Transmutation/Poison         4
   d - Condensation Shield            Ice                          4
   e - Petrify                        Transmutation/Earth          4
   f - Irradiate                      Conjuration/Transmutation    5
   Trog disapproves of the use of such an item.
 R - a book of Summonings

   Spells                             Type                      Level
   a - Recall                         Summoning/Translocation      3
   b - Aura of Abjuration             Summoning                    5
   c - Shadow Creatures               Summoning                    5
   d - Summon Demon                   Summoning                    5
   e - Summon Forest                  Summoning/Translocation      5
   f - Summon Mana Viper              Hexes/Summoning              5
   Trog disapproves of the use of such an item.
Miscellaneous
 t - a lamp of fire
 v - a plain deck of wonders {Wild Magic}
 S - a stone of tremors
 W - a phantom mirror
Comestibles
 b - 15 bread rations
 f - 27 meat rations


   Skills:
 + Level 14.5 Fighting
 * Level 19.6 Axes
 * Level 19.4 Dodging
 * Level 25.1 Stealth


You had 20 spell levels left.
You didn't know any spells.

Dungeon Overview and Level Annotations

Branches:
Dungeon (15/15)            Temple (1/1) D:7            Lair (8/8) D:9
 Shoals (4/4) Lair:5       Spider (4/4) Lair:3        Slime (0/6) Lair:8
    Orc (4/4) D:10            Elf (3/3) Orc:4        Vaults (0/5) D:13
 Depths (1/5) D:15

Altars:
Ashenzari
Cheibriados
Dithmenos
Elyvilon
Fedhas
Gozag
Kikubaaqudgha
Makhleb
Nemelex Xobeh
Okawaru
Qazlal
Ru
Sif Muna
Trog
Vehumet
Xom
Yredelemnul
Zin
The Shining One
Beogh
Jiyva

Shops:
D:6 %   Orc:4 *}[([(   Elf:2 *   Shoals:2 :   Shoals:4 [


Innate Abilities, Weirdness & Mutations

You cannot wear most types of armour.
You are amphibious.
You can wear up to eight rings at the same time.
You can use your tentacles to constrict eight enemies at once.
Your skin changes colour to match your surroundings (Stealth).
Your rubbery body absorbs attacks (AC +1).
One of your tentacles bears a spike.
You are partially covered in rough black scales (AC +4, Dex -1).
You can breathe fire.
You are somewhat resistant to further mutation.
Your spells are a little harder to cast, but a little more powerful.
Potions and wands are less effective at restoring your health.
You expend magic power (3 MP) to strengthen your wands.


Message History

You are engulfed in poison gas.
You are more poisoned.
You feel very sick. The green death hits you!!
The quasit completely misses you. The quasit completely misses you. x2
A tentacle flies out from the starspawn's body!
The green death hits you!
* * * LOW HITPOINT WARNING * * *
The quasit closely misses you. The quasit completely misses you.
The quasit completely misses you.
Drink which item? (? for menu, Esc to quit)
You feel much better.
You feel very sick. The quasit completely misses you. x3
The green death gestures at you. The poison arrow hits you!
You are more poisoned.
* * * LOW HITPOINT WARNING * * *
The quasit completely misses you. x3
The tentacled starspawn bites you!!
You die...

##..# #...# #
..#### .#
.###.# §###
......##..#
#..§#§#.
..##..*.§#
..*§#*5X§##
##*#@2§## #.#
##w..§.## ..
#..#..#.#....#
#.##.##....##.
#..#
.#...#.#.....
## .#
..#.##...#.
..#..#... #.
.# .#.###..
......# ..#


You could see a tentacled starspawn, a green death, a starspawn tentacle and a
quasit.

Vanquished Creatures
  Norris (Spider:3)
  Nikola (Elf:1)
  Arachne (Spider:2)
  2 deep elf blademasters
  A deep elf master archer (Elf:3)
  4 tentacled starspawn (Abyss:1)
  Frances (D:14)
  Kirke (Lair:8)
  Roxanne (D:15)
  Ilsuiw (Shoals:4)
  Donald (Orc:4)
  An orc warlord (Orc:4)
  Maud (Lair:8)
  4 deep elf sorcerers
  Aizul (Spider:2)
  3 ghost moths (Spider:4)
  Louise (Spider:3)
  A caustic shrike zombie (Depths:1)
  6 emperor scorpions (Spider:4)
  A balrug (Abyss:1)
  5 very ugly things
  3 deep elf demonologists (Elf:3)
  Nessos (Orc:4)
  6 deep elf annihilators
  2 merfolk javelineers (Shoals:4)
  A blizzard demon (Abyss:1)
  8 merfolk impalers
  Josephine (Lair:8)
  2 fire dragons (D:15)
  5 entropy weavers
  4 deep elf high priests (Elf:3)
  A catoblepas (Lair:3)
  13 hydras
  6 merfolk avatars
  2 alligator snapping turtles (Shoals:4)
  A rakshasa (Abyss:1)
  5 merfolk aquamancers (Shoals:4)
  A satyr (Shoals:2)
  A tengu warrior (D:14)
  13 dancing weapons (Elf:2)
  An orc high priest (Orc:4)
  16 death yaks
  Urug (Orc:2)
  A shock serpent (shapeshifter) (WizLab)
  A sun demon (Abyss:1)
  Sonja (Lair:1)
  Nergalle (Orc:2)
  An iron golem (WizLab)
  2 wretched stars (Abyss:1)
  18 deep elf knights
  A skeletal warrior (D:13)
  A wizard (Elf:1)
  6 starcursed masses (Abyss:1)
  8 hill giants
  18 sea snakes
  4 unseen horrors (shapeshifter) (WizLab)
  A kraken simulacrum (Shoals:4)
  2 necromancers
  6 deep elf summoners
  2 unseen horrors
  An ice statue (IceCv)
  17 harpies
  2 orb spiders (shapeshifter)
  13 orb spiders
  4 orc knights
  2 anubis guards (shapeshifter)
  An oklob plant (Lair:2)
  A water nymph (shapeshifter) (WizLab)
  5 fauns
  13 deep elf conjurers
  29 wolf spiders
  8 hornets
  2 orc sorcerers (Orc:4)
  A wolf spider (shapeshifter) (WizLab)
  18 ugly things
  2 salamanders (shapeshifter) (WizLab)
  15 manticores
  2 cyclopes
  17 griffons
  15 elephants
  8 sirens
  An elephant (shapeshifter) (WizLab)
  A guardian serpent (shapeshifter) (WizLab)
  3 toenail golems (Volcano)
  5 water nymphs
  4 moths of wrath
  30 spiny frogs
  A sixfirhy (Abyss:1)
  2 black mambas (shapeshifter) (WizLab)
  4 centaur zombies
  9 black mambas
  3 octopodes (shapeshifter) (WizLab)
  3 torpor snails
  An orange crystal statue (Lair:6)
  2 smoke demons (Abyss:1)
  A gargoyle (D:10)
  An ancient zyme (Abyss:1)
  3 efreet
  5 komodo dragons
  6 fire drakes
  A tengu conjurer (D:14)
  2 kobold demonologists
  21 jumping spiders
  2 hellwings (Abyss:1)
  2 two-headed ogres
  7 demonic crawlers
  11 freezing wraiths
  A red devil (Abyss:1)
  A giant leech (Lair:8)
  11 deep elf priests
  A troll (shapeshifter) (Elf:1)
  31 merfolk
  3 wind drakes (Shoals:1)
  2 trolls
  A wolf spider simulacrum (IceCv)
  13 slime creatures
  A jumping spider (shapeshifter) (WizLab)
  A raiju (shapeshifter) (WizLab)
  21 blink frogs
  9 large abominations
  A polar bear (shapeshifter) (WizLab)
  2 raiju (Abyss:1)
  A boulder beetle (shapeshifter) (WizLab)
  8 snapping turtles
  18 trapdoor spiders
  5 wraiths
  An ice dragon zombie (Depths:1)
  76 redbacks
  A spriggan (D:7)
  Sigmund (D:5)
  2 spriggans (shapeshifter) (WizLab)
  9 water elementals
  24 tarantellas
  2 hogs (Lair:8)
  2 tarantellas (shapeshifter) (WizLab)
  29 deep elf magi
  2 yaks (shapeshifter) (WizLab)
  52 yaks
  A trapdoor spider (shapeshifter) (WizLab)
  16 hippogriffs
  2 mottled dragons
  27 deep elf fighters
  23 humans
  2 wyverns
  A basilisk (shapeshifter) (WizLab)
  9 vampire mosquitoes
  2 neqoxecs (Abyss:1)
  An elf skeleton (Depths:1)
  A steam dragon (D:11)
  A shadow (D:12)
  4 basilisks
  15 porcupines
  8 small abominations
  A death yak simulacrum (IceCv)
  19 wolves
  13 water moccasins
  A soldier ant (D:15)
  12 spiders
  An eye of draining (shapeshifter) (D:13)
  35 orc warriors
  A boggart (Elf:1)
  15 ice beasts
  4 wargs
  A swamp drake (D:10)
  4 wasps
  2 eyes of draining
  3 black bears
  4 sky beasts
  8 ogres
  19 centaurs
  An ogre (shapeshifter) (WizLab)
  A boggart (shapeshifter) (WizLab)
  A black bear (shapeshifter) (WizLab)
  20 crocodiles
  Blork the orc (D:5)
  3 big kobolds
  A brain worm (D:12)
  50 giant frogs
  A water moccasin zombie (D:6)
  4 scorpions
  A scorpion (shapeshifter) (WizLab)
  10 wights
  An elephant simulacrum (IceCv)
  10 killer bees
  3 electric eels
  4 crimson imps
  4 draconian simulacra (IceCv)
  3 quasits
  3 giant frog zombies
  A jelly (shapeshifter) (WizLab)
  29 orc priests
  A wasp zombie (D:12)
  10 hounds
  A jelly (D:5)
  Ijyb (D:2)
  A giant frog skeleton (D:5)
  5 iguanas
  12 worker ants
  3 centaur skeletons
  5 troll simulacra (IceCv)
  35 orc wizards
  A polar bear simulacrum (IceCv)
  16 sheep
  2 spriggan simulacra (IceCv)
  4 centaur simulacra (IceCv)
  A hound zombie (D:10)
  2 hound skeletons
  A worker ant zombie (D:6)
  Robin (D:3)
  3 gnolls (D:6)
  17 adders
  An ogre simulacrum (IceCv)
  52 river rats
  9 shadow imps
  4 naga simulacra (IceCv)
  12 white imps (IceCv)
  4 giant eyeballs (WizLab)
  3 ufetubi (Abyss:1)
  2 oozes (D:5)
  An adder skeleton (D:5)
  An adder zombie (D:6)
  4 worms
  3 giant geckos (D:1)
  219 orcs
  12 goblins
  20 hobgoblins
  7 jackals
  15 kobolds
  3 quokkas
  A ball python (D:4)
  A ball python skeleton (D:5)
  3 bats
  4 giant cockroaches
  A giant gecko skeleton (D:6)
  4 giant newts (D:1)
  14 rats
  8 bushes (Lair:2)
  20 fungi
  42 plants
1846 creatures vanquished.

Vanquished Creatures (collateral kills)
  A tentacled monstrosity (WizLab)
  A hydra (Lair:8)
  A merfolk avatar (Shoals:4)
  A merfolk aquamancer (Shoals:4)
  A human (D:13)
  An ice beast (Lair:8)
  A large abomination (WizLab)
7 creatures vanquished.

Vanquished Creatures (others)
  A merfolk (Shoals:4)
  A water elemental (Shoals:4)
  A river rat (Lair:8)
  A bush (Lair:7)
  66 fungi
  30 plants
  9 starspawn tentacles (Abyss:1)
  169 starspawn tentacle segments (Abyss:1)
278 creatures vanquished.

Grand Total: 2131 creatures vanquished

Notes
Turn   | Place    | Note
--------------------------------------------------------------
     0 | D:1      | Frontstab the Octopode Berserker began the quest for the Orb.
     0 | D:1      | Reached XP level 1. HP: 16/16 MP: 1/1
   318 | D:1      | Reached skill level 1 in Stealth
   321 | D:1      | Reached XP level 2. HP: 21/21 MP: 2/2
   740 | D:1      | Reached XP level 3. HP: 26/26 MP: 3/3
   984 | D:2      | Noticed Ijyb
   994 | D:2      | Killed Ijyb
   994 | D:2      | Reached XP level 4. HP: 31/31 MP: 4/4
   998 | D:2      | Reached ** piety under Trog
  1067 | D:2      | Found a sparkling altar of Nemelex Xobeh.
  1861 | D:2      | Reached XP level 5. HP: 36/36 MP: 5/5
  2066 | D:3      | Reached skill level 4 in Axes
  2174 | D:3      | Noticed Robin
  2183 | D:3      | Killed Robin
  2593 | D:3      | Reached *** piety under Trog
  2938 | D:4      | Noticed an ogre
  2945 | D:4      | Killed an ogre
  2945 | D:4      | Reached XP level 6. HP: 43/43 MP: 6/6
  3373 | D:5      | Entered Level 5 of the Dungeon
  3586 | D:5      | Found an ancient bone altar of Kikubaaqudgha.
  3669 | D:5      | Reached XP level 7. HP: 48/48 MP: 7/7
  3678 | D:5      | Noticed Blork the orc
  3692 | D:5      | Killed Blork the orc
  3692 | D:5      | Reached skill level 5 in Dodging
  3692 | D:5      | Reached skill level 5 in Stealth
  3729 | D:5      | Noticed Sigmund
  3764 | D:5      | Killed Sigmund
  3764 | D:5      | Reached skill level 5 in Axes
  3875 | D:5      | Reached skill level 6 in Stealth
  3925 | D:5      | Gained mutation: Your mind is acute. (Int +2) [mutagenic meat]
  3926 | D:5      | Gained mutation: You can breathe flames. [mutagenic meat]
  3927 | D:5      | Lost mutation: Your mind is acute. (Int +2) [mutagenic meat]
  3928 | D:5      | Gained mutation: You can breathe fire. [mutagenic meat]
  3980 | D:5      | Found a deep blue altar of Sif Muna.
  4180 | D:6      | Found Jamul's Food Boutique.
  4266 | D:6      | Reached XP level 8. HP: 50/54 MP: 8/8
  4437 | D:6      | Reached skill level 7 in Stealth
  5107 | D:7      | Reached **** piety under Trog
  5291 | D:7      | Reached skill level 8 in Stealth
  5329 | D:7      | Found a shadowy altar of Dithmenos.
  5366 | D:7      | Found a staircase to the Ecumenical Temple.
  5378 | Temple   | Entered the Ecumenical Temple
  5475 | D:7      | Reached skill level 5 in Fighting
  5480 | D:7      | Reached XP level 9. HP: 61/61 MP: 9/9
  5807 | D:7      | Found a snail-covered altar of Cheibriados.
  6121 | D:8      | Reached skill level 9 in Stealth
  6816 | D:9      | Reached ***** piety under Trog
  7109 | D:9      | Found a staircase to the Lair.
  7160 | D:9      | Reached skill level 10 in Stealth
  7276 | D:9      | Reached XP level 10. HP: 68/68 MP: 10/10
  7391 | D:9      | Found an iron altar of Okawaru.
  7428 | D:9      | Found a white marble altar of Elyvilon.
  7428 | D:9      | Found a stormy altar of Qazlal.
  7626 | D:10     | Entered Level 10 of the Dungeon
  7736 | D:10     | Received a gift from Trog
  7883 | D:10     | Reached skill level 11 in Stealth
  8178 | D:10     | Noticed a hill giant
  8187 | D:10     | Killed a hill giant
  8506 | D:10     | Found a staircase to the Orcish Mines.
  8525 | D:10     | Got an ancient glaive
  8716 | D:10     | Reached skill level 12 in Stealth
  8777 | D:10     | Noticed an orc knight
  8791 | D:10     | Killed an orc knight
  8791 | D:10     | Reached XP level 11. HP: 74/74 MP: 3/11
  9165 | D:11     | Noticed a six-headed hydra
  9323 | D:11     | Noticed a hill giant
  9330 | D:11     | Killed a hill giant
  9488 | D:11     | Killed a seven-headed hydra
  9488 | D:11     | Reached skill level 10 in Dodging
  9490 | D:11     | Noticed a hill giant
  9496 | D:11     | Killed a hill giant
  9871 | D:11     | Reached skill level 10 in Axes
  9871 | D:11     | Reached skill level 13 in Stealth
 10515 | Lair:1   | Entered Level 1 of the Lair of Beasts
 10521 | D:9      | Identified the +3 glaive "Irohupri" {venom, rPois} (You found it on level 10 of the Dungeon)
 10534 | D:9      | Reached skill level 14 in Stealth
 10534 | D:9      | Reached XP level 12. HP: 79/82 MP: 4/12
 10796 | Lair:1   | Found a dark tunnel.
 10816 | Volcano  | Entered a volcano
 10907 | Volcano  | Reached skill level 15 in Stealth
 10907 | Volcano  | Reached XP level 13. HP: 69/88 MP: 13/13
 11624 | Lair:1   | Noticed Sonja
 11638 | Lair:1   | Killed Sonja
 13315 | Lair:2   | Found a bloodstained altar of Trog.
 14182 | Lair:3   | Reached skill level 16 in Stealth
 14207 | Lair:3   | Received a gift from Trog
 14545 | Lair:3   | Received a gift from Trog
 14876 | Lair:3   | Found a hole to the Spider Nest.
 16305 | Lair:5   | Found a staircase to the Shoals.
 16318 | Lair:5   | Reached XP level 14. HP: 97/97 MP: 14/14
 16528 | Lair:5   | Reached skill level 17 in Stealth
 17410 | Lair:6   | Found a white marble altar of Elyvilon.
 17427 | Lair:6   | Received a gift from Trog
 19836 | Lair:7   | Reached skill level 18 in Stealth
 20146 | Lair:7   | Reached ****** piety under Trog
 20153 | Lair:7   | Reached skill level 10 in Fighting
 20688 | Lair:8   | Entered Level 8 of the Lair of Beasts
 20691 | Lair:8   | Received a gift from Trog
 20694 | Lair:8   | Reached XP level 15. HP: 103/103 MP: 15/15
 20795 | Lair:8   | Noticed Josephine
 20969 | Lair:8   | Found a frozen archway.
 21125 | Lair:8   | Killed Josephine
 21260 | IceCv    | Entered an ice cave
 21658 | IceCv    | Found an ancient bone altar of Kikubaaqudgha.
 23123 | Lair:8   | Received a gift from Trog
 23215 | Lair:8   | Reached skill level 19 in Stealth
 23375 | Lair:8   | Noticed Maud
 23384 | Lair:8   | Killed Maud
 23688 | Lair:8   | Found a staircase to the Slime Pits.
 23688 | Lair:8   | Found a viscous altar of Jiyva.
 23737 | Lair:8   | Noticed Kirke
 23746 | Lair:8   | Killed Kirke
 26032 | Lair:6   | Got a warped golden ring
 26034 | Lair:6   | Identified the ring of Xuoschor {rN+ Dex+4 Slay+2} (You found it on level 6 of the Lair of Beasts)
 26756 | Orc:1    | Entered Level 1 of the Orcish Mines
 26905 | Orc:1    | Found an iron altar of Okawaru.
 27164 | Orc:1    | Received a gift from Trog
 27362 | Orc:2    | Noticed Nergalle
 27411 | Orc:2    | Killed Nergalle
 27510 | Orc:2    | Noticed Urug
 27526 | Orc:2    | Killed Urug
 27526 | Orc:2    | Reached XP level 16. HP: 72/111 MP: 16/16
 27970 | Orc:2    | Received a gift from Trog
 28671 | Orc:4    | Entered Level 4 of the Orcish Mines
 28706 | Orc:4    | Found a roughly hewn altar of Beogh.
 28726 | Orc:4    | Found Xinoiv Kyne's Antique Weapon Shop.
 28738 | Orc:4    | Found a roughly hewn altar of Beogh.
 28964 | Orc:4    | Found a roughly hewn altar of Beogh.
 28969 | Orc:4    | Found Midiad's Gadget Emporium.
 29022 | Orc:4    | Found a roughly hewn altar of Beogh.
 29028 | Orc:4    | Received a gift from Trog
 29041 | Orc:4    | Noticed Nessos
 29080 | Orc:4    | Killed Nessos
 29080 | Orc:4    | Reached skill level 15 in Axes
 29311 | Orc:4    | Found Cuikic's Commerce Corner.
 29424 | Orc:4    | Found a staircase to the Elven Halls.
 29425 | Orc:4    | Noticed Donald
 29439 | Orc:4    | Killed Donald
 29511 | Orc:4    | Found a roughly hewn altar of Beogh.
 29519 | Orc:4    | Reached skill level 15 in Dodging
 29524 | Orc:4    | Found Gaonn's Antique Armour Shoppe.
 29990 | Orc:4    | Reached skill level 20 in Stealth
 30112 | Orc:4    | Received a gift from Trog
 30128 | Orc:4    | Found Uweku's Antique Weapon Shoppe.
 30130 | Orc:4    | Found a roughly hewn altar of Beogh.
 30138 | Orc:4    | Found Hoeskone's Antique Armour Emporium.
 30522 | Orc:4    | Bought a lamp of fire for 560 gold pieces
 31076 | D:12     | Got a polished rapier
 31381 | D:13     | Found a gate to the Vaults.
 31720 | D:13     | Received a gift from Trog
 32325 | D:14     | Noticed Frances
 32344 | D:14     | Killed Frances
 32913 | D:14     | Received a gift from Trog
 32914 | D:14     | Identified the +6 rapier of Pot Unuq {pierce, rF+ MP+9 Dex+4} (You found it on level 12 of the Dungeon)
 33127 | D:14     | Found a shattered altar of Ashenzari.
 33453 | D:14     | Got an iridescent dagger {venom}
 33455 | D:14     | Identified the +12 dagger of Qieto {venom, rElec rF- Dex+4} (You took it off a human on level 14 of the Dungeon)
 33568 | D:15     | Entered Level 15 of the Dungeon
 33594 | D:15     | Reached XP level 17. HP: 62/118 MP: 17/17
 34248 | D:15     | Noticed Roxanne
 34339 | D:15     | Found a staircase to the Depths.
 34578 | D:15     | Killed Roxanne
 34578 | D:15     | Reached skill level 21 in Stealth
 34587 | D:15     | Gained mutation: You are somewhat resistant to further mutation. [potion of beneficial mutation]
 34935 | D:9      | Hired Baugocri the naga for 151 gold.
 35103 | Elf:1    | Entered Level 1 of the Elven Halls
 35165 | Elf:1    | Received a gift from Trog
 35375 | Elf:1    | Noticed Nikola
 35388 | Elf:1    | Killed Nikola
 35449 | Elf:1    | Cast into the Abyss (a deep elf sorcerer)
 35524 | Elf:1    | Escaped the Abyss
 36364 | Elf:2    | Found Hofoami's General Store.
 36368 | Elf:2    | Bought a scroll of fear for 73 gold pieces
 36500 | Elf:2    | Found a magical portal.
 36513 | WizLab   | Entered Cigotuvi's Fleshworks
 36920 | WizLab   | Noticed Cigotuvi's Monster
 37006 | WizLab   | Killed Cigotuvi's Monster
 38148 | WizLab   | Paralysed by a giant eyeball for 3 turns
 38153 | WizLab   | Received a gift from Trog
 38170 | WizLab   | Paralysed by a giant eyeball for 2 turns
 38556 | WizLab   | Identified Cigotuvi's Guide on Sinister Transformation
 38563 | WizLab   | Identified Sif Muna's Incunabulum of Transmigration and Intoxication
 38955 | Elf:2    | Reached XP level 18. HP: 118/126 MP: 18/18
 38966 | Elf:2    | Cast into the Abyss (a deep elf sorcerer)
 38975 | Elf:2    | Escaped the Abyss
 39083 | Elf:2    | Reached skill level 22 in Stealth
 39353 | Elf:2    | Found a runed gate.
 39353 | Elf:2    | Found a runed gate.
 39353 | Elf:2    | Found a runed gate.
 39407 | Elf:2    | Bought a scroll of identify for 42 gold pieces
 39683 | D:9      | Gained mutation: Your spells are a little harder to cast, but a little more powerful. [potion of mutation]
 39684 | D:9      | Gained mutation: One of your tentacles bears a spike. [potion of mutation]
 39684 | D:9      | Gained mutation: You occasionally shout uncontrollably at your foes. [potion of mutation]
 39688 | D:9      | Gained mutation: Potions and wands are less effective at restoring your health. [potion of mutation]
 39689 | D:9      | Lost mutation: You occasionally shout uncontrollably at your foes. [potion of mutation]
 39690 | D:9      | Gained mutation: You are robust (+10% HP). [potion of mutation]
 39691 | D:9      | Gained mutation: One of your tentacles bears a nasty spike. [potion of mutation]
 39692 | D:9      | Gained mutation: You expend magic power (3 MP) to strengthen your wands. [potion of mutation]
 39696 | D:9      | Lost mutation: You are robust (+10% HP). [potion of mutation]
 39698 | D:9      | Gained mutation: You are partially covered in rough black scales (AC +4, Dex -1). [potion of mutation]
 39759 | D:9      | Upgraded the game from 0.17-a0-2198-g482c6e3 to 0.17-a0-2211-gbb7320e
 40253 | Shoals:1 | Entered Level 1 of the Shoals
 40436 | Shoals:1 | Received a gift from Trog
 41061 | Shoals:1 | Got a jewelled battleaxe
 41062 | Shoals:1 | Identified the cursed +0 battleaxe of Annihilation {flame, rN++ Int+3} (You found it on level 1 of the Shoals)
 41400 | Shoals:2 | Found Vaenikho's Book Shoppe.
 44432 | Shoals:3 | Received a gift from Trog
 44728 | Shoals:4 | Entered Level 4 of the Shoals
 45305 | Shoals:4 | Reached XP level 19. HP: 133/133 MP: 17/19
 45381 | Shoals:4 | Got a barnacled rune of Zot
 45449 | Shoals:4 | Noticed Ilsuiw
 45845 | Shoals:4 | Killed Ilsuiw
 45852 | Shoals:4 | Reached skill level 23 in Stealth
 45994 | Shoals:4 | Received a gift from Trog
 45995 | Shoals:4 | Got a translucent hand axe {god gift}
 46002 | Shoals:4 | Identified the +2 hand axe of Precise Incision {freeze, +Inv rF+} (Trog gifted it to you on level 4 of the Shoals)
 46192 | Shoals:4 | Identified Ywoar's Guide on the Glacier and the Escort
 46793 | Shoals:4 | Found Yreab's Armour Boutique.
 47581 | Depths:1 | Entered Level 1 of the Depths
 48677 | Elf:2    | Received a gift from Trog
 48722 | Elf:2    | Noticed a deep elf blademaster
 48732 | Elf:2    | Killed a deep elf blademaster
 49475 | Spider:1 | Entered Level 1 of the Spider Nest
 50483 | Spider:1 | Received a gift from Trog
 52369 | Spider:2 | Received a gift from Trog
 52412 | Spider:2 | Noticed Arachne
 52479 | Spider:2 | Noticed Aizul
 52551 | Spider:2 | Killed Aizul
 52551 | Spider:2 | Reached XP level 20. HP: 142/142 MP: 20/20
 52993 | Spider:2 | Killed Arachne
 53056 | Spider:2 | Identified a scroll of acquirement
 53384 | Spider:3 | Noticed Norris
 53388 | Spider:3 | Killed Norris
 53388 | Spider:3 | Reached skill level 24 in Stealth
 53642 | Spider:3 | Noticed Louise
 53655 | Spider:3 | Killed Louise
 53895 | Spider:3 | Received a gift from Trog
 53987 | Spider:4 | Entered Level 4 of the Spider Nest
 55323 | Spider:4 | Received a gift from Trog
 55959 | Spider:4 | Lost mutation: One of your tentacles bears a nasty spike. [mutagenic meat]
 56005 | Spider:4 | Got a gossamer rune of Zot
 57292 | Orc:4    | Bought a wand of digging (13) for 476 gold pieces
 57354 | Elf:3    | Entered Level 3 of the Elven Halls
 57482 | Elf:3    | Received a gift from Trog
 57640 | Elf:3    | Received a gift from Trog
 58094 | Elf:3    | Reached XP level 21. HP: 87/149 MP: 21/21
 58918 | Elf:3    | Cast into the Abyss (a deep elf sorcerer)
 59126 | Abyss:1  | Reached skill level 25 in Stealth
 60358 | Abyss:1  | Received a gift from Trog
 60359 | Abyss:1  | Got a transparent battleaxe {god gift}
 60448 | Abyss:1  | Identified the +4 battleaxe of the Forsaken Tales {freeze, Dex+3} (Trog gifted it to you on level 1 of the Abyss)
 60546 | Abyss:1  | Slain by a tentacled starspawn

Vault maps used:
D:1:      tarquinn_simple_flora_water_d
D:2:      kennysheep_six_static_rooms, nemelex_xobeh_ov_fountains_minmay,
          uniq_iyjb
D:3:      first_bread, lightli_corner_chamber, uniq_robin
D:5:      lemuel_crystal_altar, kiku_gazebo_garden_becter, uniq_blork_the_orc,
          uniq_sigmund
D:6:      serial_shops, shop, item_on_display_a
D:7:      kennysheep_little_box, grunt_dithmenos_smoke,
          minmay_temple_entry_glassed_door, the_bakery, kennysheep_potato
D:9:      okawaru_trees_2, gammafunk_temple_overflow_statue, lair_0_dummy
D:10:     cheibrodos_orc_bank, erik_orc_1
D:12:     water_maze_lemuel
D:13:     david_vaults_3
D:14:     slaughterhouse, ashenzari_altar_1, uniq_frances
D:15:     grunt_enter_depths_hoard, nicolae_twisting_strands, uniq_roxanne
Temple:   zaba_magenta_temple_12
Lair:1:   enter_volcano_2, minmay_holes, serial_bayou_pond_c,
          infiniplex_staircase_pool_2, lemuel_fruit_tree, uniq_sonja
Lair:2:   basic_altar, minmay_lair_oklob_bushes
Lair:3:   nicolae_spider_entry_orb_guardian, beast_lair_carwin_11,
          infiniplex_staircase_pool, grunt_megastairs_4
Lair:4:   lemuel_old_faithful
Lair:5:   minmay_shoals_entry_beasts
Lair:6:   statuecave_lemuel, basic_altar, serial_forest,
          infiniplex_forest_end_2, infiniplex_forest_lined_3,
          infiniplex_forest_lined_4_way, infiniplex_forest_straight_2,
          infiniplex_forest_clump_small, grunt_megastairs_3, lemuel_fruit_fields
Lair:8:   minmay_lair_end_frog_pond, slime_altar_1,
          portal_ice_cave_entry_ice_beasts, uniq_josephine, uniq_kirke,
          uniq_maud
Shoals:2: serial_shops, shop_statue
Shoals:3: uniq_polyphemus
Shoals:4: serial_shops, nicolae_shop_behind_doors, shoals_end_grunt_ice,
          shoals_ilsuiw_alternative
Spider:2: uniq_arachne, uniq_aizul
Spider:3: uniq_norris, uniq_louise
Spider:4: spider_rune_water
Orc:1:    david_defended_altar_orc
Orc:2:    uniq_nergalle, uniq_urug
Orc:3:    nicolae_orc_pool_cavern
Orc:4:    grunt_orc_community_town_hall, grunt_orc_community_big_house_2,
          grunt_orc_community_big_house_2, grunt_orc_community_house_1,
          grunt_orc_community_house_1, grunt_orc_community_house_1,
          grunt_orc_community_house_2, grunt_orc_community_house_2,
          grunt_orc_community_house_2, serial_shops, nicolae_shop_stone,
          nicolae_alphabet_shops, uniq_donald, uniq_nessos
Elf:1:    hangedman_elf_disciples, uniq_nikola
Elf:2:    infiniplex_enter_wizlab_water, serial_shops, nicolae_shop_stone
Elf:3:    minmay_elf_hall_quartered_circle, serial_shops, shop,
          serial_sigils_hangedman_scar, spider_trap, basic_stair_grate_trap
Depths:1: grunt_hell_entry_dis_old, serial_sigils_hangedman_carve,
          rand_demon_pan_entry_8, grunt_decor_one_mirror,
          grunt_decor_mini_mirrors, small_chamber_with_monster,
          serial_bayou_lagoon_b
IceCv:    ice_cave_small_necro
Volcano:  volcano_bunker
WizLab:   wizlab_cigotuvi

Action                   |  1- 3 |  4- 6 |  7- 9 | 10-12 | 13-15 | 16-18 | 19-21 || total
-------------------------+-------+-------+-------+-------+-------+-------+-------++-------
Melee: Hand axe          |    56 |   111 |    50 |       |       |       |       ||   217
       Battleaxe         |       |       |    95 |    34 |       |       |     5 ||   134
       Executioner's axe |       |       |       |   148 |   718 |   855 |   628 ||  2349
       Unarmed           |       |       |       |       |       |       |    14 ||    14
       War axe           |       |       |       |       |       |       |     2 ||     2
 Fire: Blowgun           |       |       |       |       |    20 |    12 |    20 ||    52
Throw: Stone             |       |     3 |    19 |    14 |       |       |       ||    36
       Throwing net      |       |       |     1 |       |       |     2 |       ||     3
       Javelin           |       |       |       |       |    33 |     9 |   125 ||   167
       Tomahawk          |       |       |       |       |    97 |    97 |       ||   194
Invok: Berserk           |     2 |     4 |     9 |    14 |    52 |    35 |    33 ||   149
       Trog's Hand       |       |       |       |     1 |     6 |     4 |     2 ||    13
       Brothers in Arms  |       |       |       |     1 |     1 |     1 |       ||     3
       Burn Spellbooks   |       |       |       |       |     2 |     1 |       ||     3
 Abil: Breathe Fire      |       |       |    18 |    18 |    65 |    18 |    23 ||   142
       Evoke Flight      |       |       |       |       |     4 |       |       ||     4
       Stop Flying       |       |       |       |       |     1 |       |       ||     1
       Evoke Invisibilit |       |       |       |       |       |       |     1 ||     1
Evoke: Wand              |       |       |     1 |     6 |    53 |    23 |    16 ||    99
       Stone of tremors  |       |       |       |       |     1 |       |       ||     1
       Lamp of fire      |       |       |       |       |       |     2 |     1 ||     3
       Deck              |       |       |       |       |       |     1 |       ||     1
  Use: Scroll            |       |       |     4 |    29 |    24 |    16 |    11 ||    84
       Potion            |       |       |       |     1 |    11 |    28 |     7 ||    47
 Stab: Sleeping          |     4 |    16 |    15 |    24 |    47 |   118 |    35 ||   259
       Distracted        |       |       |       |     5 |     9 |    17 |    13 ||    44
       Invisible         |       |       |       |       |       |    29 |    57 ||    86
       Petrifying        |       |       |       |       |       |     2 |       ||     2
       Held in net/web   |       |       |       |       |       |     1 |     1 ||     2
  Eat: Chunk             |     1 |    12 |    32 |    33 |    99 |    90 |    73 ||   340
       Fruit             |       |     1 |     4 |       |    19 |       |       ||    24
       Pizza             |       |       |       |       |     2 |     1 |     4 ||     7
       Beef jerky        |       |       |       |       |     1 |     1 |     2 ||     4
       Bread ration      |       |       |       |       |       |     1 |     3 ||     4
